 Dungeon Crawl Stone Soup version 0.23-a0-175-g97aacdb (webtiles) character file.

639 Inarius the Skirmisher (level 7, -15/56 HPs)
             Began as a Mummy Fighter on Sept 16, 2018.
             Was an Initiate of Gozag.
             Blown up by Pikel (20 damage)
             ... with a wand of disintegration (9)
             ... on level 3 of the Dungeon.
             The game lasted 00:05:33 (3218 turns).

Inarius the Skirmisher (Mummy Fighter)              Turns: 3218, Time: 00:05:34

Health: -15/56     AC: 10    Str: 21    XL:     7   Next: 25%
Magic:  7/7        EV:  5    Int:  8    God:    Gozag
Gold:   149        SH:  9    Dex: 11    Spells: 6/6 levels left

rFire    x . .     SeeInvis +   i - +3 whip (elec)
rCold    + . .     Gourm    .   c - +0 shield
rNeg     + + +     Faith    .   g - +0 chain mail
rPois    ∞         Spirit   .   (no helmet)
rElec    .         Reflect  .   d - +0 cloak
rCorr    .         Harm     .   (no gloves)
MR       .....                  (no boots)
Stlth    ..........             (no amulet)
HPRegen  0.18/turn              h - ring of see invisible
MPRegen  0.10/turn              (no ring)

@: no status effects
A: no food or potions, fire vulnerability, cold resistance 1, negative energy
resistance 3, torment resistance, unbreathing
a: Potion Petition, Call Merchant, Bribe Branch, Renounce Religion


You were on level 3 of the Dungeon.
You worshipped Gozag.
Gozag was aware of your devotion.
You were not hungry.

You visited 2 branches of the dungeon, and saw 5 of its levels.

You collected 205 gold pieces.
You paid 56 gold pieces to Gozag.

Inventory:

Hand Weapons
 a - a +0 long sword
 i - a +3 whip of electrocution (weapon)
Missiles
 b - 11 poisoned needles
Armour
 c - a +0 shield (worn)
 d - a +0 cloak (worn)
 g - a +0 chain mail (worn)
Jewellery
 h - a ring of see invisible (left hand)
Scrolls
 f - 4 scrolls of remove curse
 j - a scroll of teleportation
 k - a scroll of amnesia
 l - a scroll of magic mapping
 m - a scroll of random uselessness {unknown}


   Skills:
 * Level 5.2 Fighting
 - Level 1.5 Long Blades
 + Level 2.8 Maces & Flails
 + Level 4.1 Armour
 + Level 3.8 Shields


You had 6 spell levels left.
You didn't know any spells.
Your spell library was empty.

Dungeon Overview and Level Annotations

Branches:
Dungeon (4/15)             Temple (1/1) D:4

Altars:
Ashenzari
Cheibriados
Fedhas
Gozag
Kikubaaqudgha
Nemelex Xobeh
Okawaru
Qazlal
Ru
Uskayaw
Vehumet
Wu Jian
Yredelemnul
Zin
The Shining One

Annotations:
D:3 Pikel


Innate Abilities, Weirdness & Mutations

You do not eat or drink.
Your flesh is vulnerable to fire.
You are immune to poison.
Your flesh is cold resistant. (rC+)
You are immune to negative energy. (rN+++)
You are immune to unholy pain and torment.
You can survive without breathing.


Message History

Pikel is no longer unusually agile.
Pikel hits you but does no damage.
You closely miss Pikel.
Pikel is heavily wounded.
Pikel hits you but does no damage.
You whack Pikel!
Pikel is severely wounded.
Pikel hits you with a whip of freezing.
* * * LOW HITPOINT WARNING * * *
Pikel freezes you.
* * * LOW HITPOINT WARNING * * *
You closely miss Pikel.
Pikel is severely wounded.
Pikel hits you with a whip of freezing.
* * * LOW HITPOINT WARNING * * *
Pikel zaps a wand.
You resist with significant effort.
Pikel says, "Who am I kidding?
They'll work you to death!"
Pikel zaps a wand.
You are blasted!
* * * LOW HITPOINT WARNING * * *
Pikel zaps a wand.
You are blasted!
You die...

#####..........#
....+..........#
#####..........# #
#..........# #
#..........# #
#.........K##### #
#######........#
###########........#
..........'.....@..#
###########........#
# #........# #
#........# #
#........# #
#.....<..# #
######'### # #.# ###


You could see Pikel.

Vanquished Creatures
  Menkaure (D:4)
  2 sky beasts (D:4)
  An ogre (D:4)
  An orc priest (D:3)
  Crazy Yiuf (D:2)
  Natasha (twice) (D:2)
  An iguana (D:4)
  A worker ant (D:4)
  3 adders
  2 worms (D:3)
  A dart slug (D:4)
  3 leopard geckos
  6 orcs (D:3)
  A ball python (D:1)
  A giant cockroach (D:3)
  6 goblins
  4 hobgoblins
  6 bats
  5 frilled lizards
  6 kobolds
  5 rats
59 creatures vanquished.

Notes
Turn   | Place    | Note
-------+----------+-------------------------------------------
     0 | D:1      | Inarius the Mummy Fighter began the quest for the Orb.
     0 | D:1      | Reached XP level 1. HP: 18/18 MP: 1/1
   188 | D:1      | Reached XP level 2. HP: 23/24 MP: 2/2
   538 | D:2      | Found a runed door.
   803 | D:2      | Noticed Natasha
   806 | D:2      | Noticed a crimson imp
   811 | D:2      | Killed Natasha
   811 | D:2      | Reached XP level 3. HP: 19/30 MP: 3/3
   970 | D:2      | Noticed Natasha
   977 | D:2      | Killed Natasha
   977 | D:2      | Reached XP level 4. HP: 36/37 MP: 4/4
  1050 | D:2      | Noticed Crazy Yiuf
  1058 | D:2      | Killed Crazy Yiuf
  1058 | D:2      | Reached skill level 4 in Fighting
  1258 | D:3      | Reached XP level 5. HP: 42/42 MP: 5/5
  1960 | D:4      | Reached skill level 1 in Maces & Flails
  2108 | D:4      | Noticed Menkaure
  2422 | D:4      | Noticed a sky beast
  2546 | D:4      | Killed a sky beast
  2546 | D:4      | Reached XP level 6. HP: 32/49 MP: 6/6
  2763 | D:4      | Found a staircase to the Ecumenical Temple.
  2888 | Temple   | Entered the Ecumenical Temple
  2896 | Temple   | Became a worshipper of Gozag Ym Sagoz the Greedy
  2919 | D:4      | Killed Menkaure
  2919 | D:4      | Reached skill level 5 in Fighting
  2919 | D:4      | Reached XP level 7. HP: 56/56 MP: 7/7
  3178 | D:4      | Noticed Pikel
  3218 | D:3      | Blown up by Pikel

Vault maps used:
D:1:      lemuel_arrival_muddy
D:2:      first_ration, uniq_natasha, uniq_crazy_yiuf_cottage
D:3:      serial_forest, infiniplex_forest_lined_3,
          infiniplex_forest_clump_small, infiniplex_forest_straight_3,
          infiniplex_forest_clump_large, infiniplex_forest_lined_2
D:4:      kennysheep_mini, temple_hall, nicolae_tso_swordbearing_angel,
          uniq_pikel, uniq_menkaure
Temple:   dpeg_three_leaves_temple

Skill      XL: |  1  2  3  4  5  6 |
---------------+-------------------+-----
Armour         | 3 4 |  4.1
Shields        | 3 |  3.8
Fighting       | 4 5 |  5.2
Maces & Flails | 1 2 |  2.8
Long Blades    | |  1.5

Action                   |  1- 3 |  4- 6 |  7- 9 || total
-------------------------+-------+-------+-------++-------
Melee: Long sword        |    57 |       |       ||    57
       Whip              |    33 |   114 |    41 ||   188
  Use: Scroll            |       |     6 |       ||     6
Armor: Scale mail        |    46 |    21 |       ||    67
       Chain mail        |       |    25 |    18 ||    43
Dodge: Dodged            |    53 |    23 |     3 ||    79
Block: Shield            |    50 |    54 |     7 ||   111
       Rpst.: Long sword |    14 |       |       ||    14

Table legend:
 A = Non-vault XP
 B = Vault XP
 C = Vault XP percentage of total XP
 D = Non-vault monster count
 E = Vault monster count
 F = Vault count percentage of total count
                 A         B        C        D         E       F
            +---------+---------+-------+---------+---------+-------
      Total |     664 |     249 |  27.3 |      56 |       3 |   5.1
            +---------+---------+-------+---------+---------+-------
        D:1 |      24 |       0 |   0.0 |      16 |       0 |   0.0
        D:2 |      53 |      77 |  59.2 |      12 |       2 |  14.3
        D:3 |      99 |       0 |   0.0 |      19 |       0 |   0.0
        D:4 |     488 |     172 |  26.1 |       9 |       1 |  10.0
            +---------+---------+-------+---------+---------+-------
